 Dungeon Crawl Stone Soup version 0.28-a0-1374-ga75cb3825e (webtiles) character file.

Game seed: 17585736391915648133

1024 pokeman the Thaumaturge (level 8, 0/43 (44) HPs)
             Began as a Deep Elf Hedge Wizard on Dec 31, 2021.
             Was an Initiate of Vehumet.
             Slain by Duvessa (18 damage)
             ... on level 5 of the Dungeon.
             The game lasted 00:13:22 (6787 turns).

pokeman the Thaumaturge (Deep Elf Hedge Wizard)     Turns: 6787, Time: 00:13:22

HP:   0/43 (44)     AC:  6    Str:  7    XL:     8   Next: 2%
MP:   17/22         EV: 12    Int: 22    God:    Vehumet [......]
Gold: 336           SH:  0    Dex: 14    Spells: 12/24 levels left

rFire   . . .      SeeInvis .   l - +1 long sword (drain)
rCold   . . .      Faith    .   (no shield)
rNeg    . . .      Spirit   .   r - +0 leather armour {rPois}
rPois   +          Reflect  .   c - +0 hat
rElec   .          Harm     .   (no cloak)
rCorr   .          Rampage  .   h - +1 Delatra's gloves {ID++}
Will    .....                   v - +0 pair of boots
Stlth   ++........              (no amulet)
HPRegen 0.14/turn               j - ring of wizardry
MPRegen 0.18/turn               (no ring)

@: on blink cooldown, lightly drained
A: no striking features
a: Renounce Religion


You were on level 5 of the Dungeon.
You worshipped Vehumet.
Vehumet was noncommittal.
You visited 2 branches of the dungeon, and saw 6 of its levels.

You collected 336 gold pieces.

Inventory:

Hand Weapons
 l - a +1 long sword of draining (weapon)
Missiles
 i - 108 arrows
 p - 21 bolts
Armour
 c - a +0 hat (worn)
 h - the +1 Delatra's gloves (worn) {ID++}
   (You found it on level 2 of the Dungeon)

   It heals its wearer when they drink unknown potions.
   It restores its wearer's MP when they read unknown scrolls.
 r - a +0 leather armour of poison resistance (worn)
 v - a +0 pair of boots (worn)
 E - a scarf of shadows
Magical Staves
 C - a staff of fire
Jewellery
 j - a ring of wizardry (left hand)
 s - an amulet of guardian spirit
Wands
 m - a wand of flame (6)
 x - a wand of paralysis (9)
 y - a wand of iceblast (5)
Scrolls
 a - a scroll of fog {unknown}
 b - 2 scrolls of magic mapping {unknown}
 d - 4 scrolls of identify {unknown}
 e - 4 scrolls of teleportation {unknown}
 k - 3 scrolls of holy word {unknown}
 n - a scroll of immolation {unknown}
 o - a scroll of torment {unknown}
 q - a scroll of blinking {unknown}
 t - a scroll of enchant armour {unknown}
 u - a scroll of amnesia {unknown}
 w - a scroll of enchant weapon {unknown}
 D - a scroll of fear {unknown}
Potions
 f - a potion of mutation {unknown}
 g - 2 potions of curing {unknown}
 z - a potion of lignification {unknown}
 A - a potion of heal wounds {unknown}
 B - 2 potions of invisibility


   Skills:
 - Level 2.0 Fighting
 + Level 1.1 Armour
 - Level 3.0 Dodging
 - Level 4.1 Stealth
 * Level 8.9 Spellcasting
 + Level 4.5 Conjurations
 - Level 1.1 Summonings
 - Level 1.1 Translocations
 + Level 2.2 Fire Magic
 - Level 2.0 Air Magic
 - Level 1.0 Poison Magic
 - Level 1.0 Evocations


You had 12 spell levels left.
You knew the following spells:

 Your Spells              Type           Power      Damage    Failure   Level
a - Magic Dart            Conj           100%       1d8       1%          1
b - Mephitic Cloud        Conj/Pois/Air  20%        N/A       4%          3
c - Call Imp              Summ           14%        N/A       4%          2
d - Blink                 Tloc           28%        N/A       4%          2
e - Conjure Flame         Conj/Fire      24%        6-21      3%          3
f - Apportation           Tloc           28%        N/A       2%          1

Your spell library contained the following spells:

 Spells                   Type           Power      Damage    Failure   Level
 Summon Small Mammal      Summ           56%        N/A       2%          1
 Animate Skeleton         Necr           18%        N/A       4%          1
 Slow                     Hex            36%        N/A       4%          1
 Call Canine Familiar     Summ           14%        N/A       8%          3
 Summon Guardian Golem    Hex/Summ       12%        N/A       10%         3


Dungeon Overview and Level Annotations

Branches:
Dungeon (5/15)             Temple (1/1) D:5

Altars:
Ashenzari
Cheibriados
Dithmenos
Elyvilon
Fedhas
Hepliaklqana
Kikubaaqudgha
Makhleb
Nemelex Xobeh
Okawaru
Qazlal
Sif Muna
Trog
Vehumet
Xom
Yredelemnul
The Shining One

Annotations:
D:3 1 transporter
D:5 Duvessa


Message History

Confirm with . or Enter, or press ? or * to list all spells.
You blink.
You hear a shout!
You hear a shout!
Found 8 stones.
Found an escape hatch in the floor.
You feel stable enough to blink again.
You hear a shout!
You hear a shout!
You hear a shout!
You hear a shout!
There is a stone staircase leading up here.
You climb upwards.
There is a stone staircase leading down here.
You see here a +0 ring mail.
You see here a +0 club.
You see here a +0 whip.
You see here a +0 halberd.
There is a stone staircase leading down here.
You start resting.
HP restored.
You climb downwards.
Level annotation: Duvessa You hear a shout!
There is a stone staircase leading up here.
Casting: Blink (safe; 4% risk of failure)
Confirm with . or Enter, or press ? or * to list all spells.
A beastly little devil appears in a puff of flame.
Duvessa rages.
Casting: Call Imp (safe; 4% risk of failure)
Confirm with . or Enter, or press ? or * to list all spells.
You blink.
The necrophage hits you but does no damage.
Duvessa hits you with a +0 short sword.
Your crimson imp closely misses the necrophage.
Unknown command.
The necrophage hits you.
You feel drained.
Duvessa hits you with a +0 short sword!!
Your crimson imp blinks!
Duvessa hits you with a +0 short sword!!
You die...

#.#...##.###.#.##### #.>.(....
#.#...##..##.#.....## #........
..........##.#.###.<# #........
#.....###.##.#..##..####........
..#....##..#.#..##..............
. ##.#..#..#.........###........
#..##.............# #........
#...##.#....####.####........
##....##......@e..............
..#..>.###.#....#n.....)......##
#.....###..>...#...<.........#
...##...#..#..#.#.............#
..# ##....##..#.#.............#
.####....###..........5.......#
.#....#.#####.#.##............#
#.............#.##............#
..........#####.##............#


You could see Duvessa (berserk), a necrophage (ally target) and a friendly
crimson imp (summoned).

Vanquished Creatures
  Sigmund (D:3)
  A water moccasin (D:5)
  An ogre (D:4)
  2 scorpions (D:4)
  Dowan (D:5)
  A centaur zombie (D:5)
  4 hounds
  A jelly (D:4)
  Terence (D:2)
  Ijyb (D:5)
  An iguana (D:4)
  An orc wizard (D:2)
  A hound skeleton (D:4)
  3 gnolls (D:4)
  A howler monkey skeleton (D:5)
  8 adders
  An ufetubus (D:4)
  2 worms (D:2)
  A dart slug (D:4)
  8 orcs
  6 bats
  10 endoplasms
  3 giant cockroaches
  7 goblins
  6 hobgoblins
  10 jackals
  3 quokkas
  11 ball pythons
  5 frilled lizards
  5 kobolds
  10 rats
117 creatures vanquished.

Notes
Turn   | Place    | Note
-------+----------+-------------------------------------------
     0 | D:1      | pokeman the Deep Elf Hedge Wizard began the quest for the
                  | Orb.
     0 | D:1      | Reached XP level 1. HP: 10/10 MP: 7/7
   272 | D:1      | Reached XP level 2. HP: 15/15 MP: 6/9
  1001 | D:1      | Reached skill level 5 in Spellcasting
  1239 | D:2      | Reached XP level 3. HP: 4/20 MP: 0/11
  1243 | D:2      | Learned a level 3 spell: Mephitic Cloud
  1246 | D:2      | Learned a level 2 spell: Call Imp
  1249 | D:2      | Learned a level 2 spell: Blink
  1253 | D:2      | Learned a level 3 spell: Conjure Flame
  1578 | D:2      | Noticed Terence
  1591 | D:2      | Killed Terence
  1592 | D:2      | Reached skill level 1 in Fighting
  1592 | D:2      | Reached skill level 1 in Armour
  1788 | D:2      | Reached XP level 4. HP: 25/25 MP: 10/13
  3050 | D:2      | Reached skill level 1 in Fire Magic
  3067 | D:2      | Reached skill level 6 in Spellcasting
  3067 | D:2      | Reached XP level 5. HP: 27/29 MP: 3/15
  3154 | D:2      | Found the +1 Delatra's gloves {ID++}
  3929 | D:3      | Found a hazy altar of Hepliaklqana.
  4394 | D:3      | Noticed Sigmund
  4405 | D:3      | Killed Sigmund
  4406 | D:3      | Reached skill level 7 in Spellcasting
  4406 | D:3      | Reached skill level 1 in Air Magic
  4406 | D:3      | Reached XP level 6. HP: 34/34 MP: 6/18
  4518 | D:3      | Found a sparkling altar of Nemelex Xobeh.
  4518 | D:3      | Found a transporter.
  5281 | D:4      | Reached XP level 7. HP: 25/38 MP: 12/20
  5409 | D:4      | Reached skill level 1 in Poison Magic
  5471 | D:4      | Reached skill level 8 in Spellcasting
  5636 | D:4      | Reached skill level 1 in Evocations
  6111 | D:5      | Entered Level 5 of the Dungeon
  6113 | D:5      | Noticed Ijyb
  6138 | D:5      | Killed Ijyb
  6350 | D:5      | Learned a level 1 spell: Apportation
  6508 | D:5      | Found a staircase to the Ecumenical Temple.
  6517 | Temple   | Entered the Ecumenical Temple
  6554 | Temple   | Became a worshipper of Vehumet
  6630 | D:5      | Noticed Dowan
  6631 | D:5      | Noticed Duvessa
  6641 | D:5      | Killed Dowan
  6642 | D:5      | Reached XP level 8. HP: 44/44 MP: 15/22
  6787 | D:5      | Slain by Duvessa

Illustrated notes

Levels and vault maps discovered:
D:1:      heliophobic_arrival_henge, layout_basic
D:2:      minmay_thinvault, layout_loops_corners, corexii_leaking_fountain,
          pf_guarded_unrand_delatra, uniq_terence
D:3:      layout_basic, mainiacjoe_overflow_six_doors_small,
          grunt_nemelex_the_gamble, st_stairs_12, uniq_sigmund
D:4:      layout_loops_ring, nicolae_concentric_dashed_squares_wild
D:5:      layout_basic, minmay_temple_entry_wispy, minmay_misc_feat_nine_boxes,
          uniq_menkaure, uniq_blork_the_orc, uniq_ijyb, uniq_duvessa
Temple:   compressed_dpeg_circular_temple

Skill      XL: |  1  2  3  4  5  6  7 |
---------------+----------------------+-----
Spellcasting   | 5 6 7 8 |  8.9
Fighting       | 1 2 |  2.0
Armour         | 1 |  1.1
Conjurations   | 2 3 4 |  4.5
Fire Magic     | 1 2 |  2.2
Dodging        | 3 |  3.0
Stealth        | 3 4 |  4.1
Air Magic      | 1 2 |  2.0
Poison Magic   | 1 |  1.0
Evocations     | 1 |  1.0
Summonings     | |  1.1
Translocations | |  1.1

Action                   |  1- 3 |  4- 6 |  7- 9 || total
-------------------------+-------+-------+-------++-------
Melee: Dagger            |    19 |       |       ||    19
       Long sword        |       |    47 |    21 ||    68
 Cast: Magic Dart        |    80 |   137 |    57 ||   274
       Mephitic Cloud    |     1 |     4 |     8 ||    13
       Conjure Flame     |     1 |     2 |     9 ||    12
       Apportation       |       |       |     2 ||     2
       Blink             |       |       |     2 ||     2
       Call Imp          |       |       |     1 ||     1
  Use: Potion            |       |     1 |       ||     1
 Stab: Confused          |       |       |     4 ||     4
Armor: Robe              |     4 |       |       ||     4
       Leather armour    |     9 |    44 |    17 ||    70
Dodge: Dodged            |    15 |    78 |     9 ||   102

Table legend: (Time is in decaauts)
 A = Elapsed time spent in this place.
 B = Non-inter-level travel time spent in this place.
 C = Inter-level travel time spent in this place.
 D = Time resting spent in this place.
 E = Time spent auto-exploring this place.
 F = Levels seen in this place.
 G = Mean time per level.
                   A        B        C        D        E       F      G
               +--------+--------+--------+--------+--------+-----+--------+
         Total |   6814 |   6531 |    283 |    199 |   5440 |   6 | 1135.7 |
       Dungeon |   6743 |   6492 |    251 |    199 |   5419 |   5 | 1348.6 |
        Temple |     70 |     38 |     32 |      0 |     21 |   1 |   70.0 |
               +--------+--------+--------+--------+--------+-----+--------+

Top non-repeatable levels by time:
     D:2: 2379 daAuts
     D:4: 1379 daAuts
     D:3: 1329 daAuts
     D:1: 1123 daAuts
     D:5: 532 daAuts
  Temple: 70 daAuts
